 Dungeon Crawl Stone Soup version 0.30.1-9-gdf580d7c3d (webtiles) character file.

Game seed: 14180344402608641322

31 lonewolfV2 the Trooper (level 3, -2/29 HPs)
             Began as a Demonspawn Fighter on Oct 25, 2023.
             Engulfed by a cloud of flame (12 damage)
             ... on level 1 of the Dungeon.
             The game lasted 00:02:15 (814 turns).

lonewolfV2 the Trooper (Demonspawn Fighter)          Turns: 814, Time: 00:02:16

Health: -2/29      AC:  7    Str: 18    XL:     3   Next: 7%
Magic:  3/3        EV:  9    Int:  9    God:
Gold:   18         SH:  4    Dex: 12    Spells: 2/2 levels left

rFire   . . .        a - +0 war axe
rCold   . . .        c - +0 buckler
rNeg    . . .        b - +0 scale mail
rPois   .            (no helmet)
rElec   .            (no cloak)
rCorr   .            (no gloves)
SInv    .            (no boots)
Will    .....        (no amulet) Stlth
                     (no ring)
HPRegen 0.24/turn    (no ring)
MPRegen 0.08/turn

%: no passive effects
@: attractive
A: rugged brown scales 1, demonic touch 1
a: no special abilities


You were on level 1 of the Dungeon.
You visited 1 branch of the dungeon, and saw 1 of its levels.

You collected 18 gold pieces.

Inventory:

Hand Weapons
 a - a +0 war axe (weapon)
Armour
 b - a +0 scale mail (worn)
 c - a +0 buckler (worn)
Scrolls
 e - 2 scrolls of immolation
Potions
 d - a potion of might


   Skills:
 - Level 3.0 Fighting
 - Level 1.7 Axes
 + Level 3.0 Armour
 * Level 1.7 Dodging
 + Level 3.0 Shields


You had 2 spell levels left.
You didn't know any spells.
Your spell library contained the following spells:

 Spells                   Type           Power      Damage    Failure   Level
 Summon Small Mammal      Summ           0%         N/A       85%         1
 Call Canine Familiar     Summ           0%         N/A       99%         3
 Summon Guardian Golem    Hex/Summ       0%         N/A       99%         3


Dungeon Overview and Level Annotations

Branches:
Dungeon (1/15)

Altars:


Innate Abilities, Weirdness & Mutations

You are partially covered in rugged brown scales. (AC +1, +3% HP)
Your touch may inflict minor irresistible damage on your foes.


Message History

A goblin is nearby!
A goblin is nearby!
You barely miss the goblin. The goblin closely misses you.
You closely miss the goblin. The goblin hits you with a +0 club.
The goblin hits you but does no damage.
You hit the goblin.
You kill the goblin!
You see here a +0 club.
Could not explore, unopened door.
Could not explore, unopened door.
As you open the door, it creaks loudly!
There is an open door here.
There is an open door here.
Could not explore, unopened door.
Could not explore, unopened door.
You open the door.
A ball python comes into view.
The ball python hisses angrily.
It was a potion of attraction.
You feel attractive to monsters.
The ball python is attracted toward you.
It was a potion of heal wounds.
You feel much better. The ball python closely misses you.
The ball python grabs you. The ball python constricts you.
The ball python barely misses you. The ball python constricts you.
The air fills with toxic fumes!
As you read the scroll labelled YZALAV LUDY, it crumbles to dust.
It was a scroll of poison.
The ball python bites you but does no damage.
The ball python constricts you.
As you read the scroll labelled HIG KUYZXOM, it crumbles to dust.
The creatures around you are filled with an inner flame!
It was a scroll of immolation.
You block the ball python's attack. The ball python constricts you.
You hit the ball python.
The ball python explodes!
The fiery explosion engulfs you!!
Ouch! That really hurt!
You are engulfed in blazing flames.
You die...

.##.##..# ##.....##
........# ##.......##
.##.##.###
#.........#
.##......§§
####.......###
.......###§§
##§###.....###.
.####### #§§.
##§§§###...###.. .#
§§§§
##§§§§§###.###... ##
#§§##§§§§§§§##'##....
#§§'@§§§§§§§.'.'.....
#§§##§§§§§§§##'##....
### ##
##§§§§§###.###...
...# ##§§§###.).###..
##.# ##§###.....###.
.# ####.......###
##.#### #.#
#.........# .......
#.# ##.......##
##..## #.# ##.....##


There were no monsters in sight!

Vanquished Creatures
  A dart slug (D:1)
  3 ball pythons (D:1)
  2 endoplasms (D:1)
  5 hobgoblins (D:1)
  2 jackals (D:1)
  3 quokkas (D:1)
  4 bats (D:1)
  A goblin (D:1)
  2 kobolds (D:1)
  4 rats (D:1)
27 creatures vanquished.

Notes
Turn   | Place    | Note
-------+----------+-------------------------------------------
     0 | D:1      | lonewolfV2 the Demonspawn Fighter began the quest for the
                  | Orb.
     0 | D:1      | Reached XP level 1. HP: 18/18 MP: 1/1
   108 | D:1      | Reached skill level 1 in Dodging
   108 | D:1      | Gained mutation: You are partially covered in rugged brown
                  | scales. (AC +1, +3% HP) [demonic ancestry]
   108 | D:1      | Reached XP level 2. HP: 12/24 MP: 2/2
   709 | D:1      | Gained mutation: Your touch may inflict minor irresistible
                  | damage on your foes. [demonic ancestry]
   709 | D:1      | Reached XP level 3. HP: 29/29 MP: 3/3
   814 | D:1      | Engulfed by a cloud of flame

Illustrated notes

Levels and vault maps discovered:
D:1:      elethiomel_arrival_diamonds, layout_loops_corners

Skill      XL: |  1  2 |
---------------+-------+-----
Dodging        | 1 |  1.7
Armour         | 3 |  3.0
Shields        | 3 |  3.0
Fighting       | |  3.0
Axes           | |  1.7

Action                     || total
---------------------------++-------
  Melee: War axe           ||    73
    Use: Scroll            ||     2
         Potion            ||     2
 Armour: Scale mail        ||    48
  Dodge: Dodged            ||    54
  Block: Buckler           ||    23
